 Dungeon Crawl Stone Soup version 0.28.0 (webtiles) character file.

Game seed: 15090416992217666332

312 danielguo94 the Cudgeller (level 6, -1/38 HPs)
             Began as a Gargoyle Fighter on Feb 8, 2022.
             Splashed by a jelly's acid (4 damage)
             ... on level 6 of the Dungeon.
             The game lasted 00:03:31 (2768 turns).

danielguo94 the Cudgeller (Gargoyle Fighter)        Turns: 2768, Time: 00:03:31

Health: -1/38      AC: 11    Str: 21    XL:     6   Next: 42%
Magic:  6/6        EV:  9    Int:  9    God:
Gold:   156        SH:  4    Dex:  9    Spells: 5/5 levels left

rFire   . . .      SeeInvis .   a - +0 flail
rCold   . . .      Faith    .   c - +0 buckler
rNeg    + + .      Spirit   .   b - +0 scale mail
rPois   ∞          Reflect  .   (no helmet)
rElec   +          Harm     .   (no cloak)
rCorr   .          Rampage  .   (no gloves)
Will    .....                   (no boots)
Stlth   ..........              (no amulet)
HPRegen 0.12/turn               i - ring of positive energy
MPRegen 0.10/turn               (no ring)

@: no status effects
A: sickness immunity, AC +4, negative energy resistance 1, electricity
resistance, torment resistance 1, petrification resistance
a: no special abilities


You were on level 6 of the Dungeon.
You visited 1 branch of the dungeon, and saw 4 of its levels.

You collected 189 gold pieces.
You spent 33 gold pieces at shops.

Inventory:

Hand Weapons
 a - a +0 flail (weapon)
Missiles
 h - 90 stones (quivered)
 l - 2 poisoned darts
Armour
 b - a +0 scale mail (worn)
 c - a +0 buckler (worn)
Jewellery
 i - a ring of positive energy (left hand)
 r - an amulet of the acrobat
 t - a +4 ring of evasion
Wands
 v - a wand of iceblast (8)
Scrolls
 e - a scroll of immolation {unknown}
 g - 2 scrolls of teleportation
 m - a scroll of enchant weapon {unknown}
 p - a scroll of summoning {unknown}
 q - a scroll of magic mapping {unknown}
 s - a scroll of brand weapon {unknown}
Potions
 d - 2 potions of might
 f - 3 potions of curing
 j - a potion of cancellation {unknown}
 k - 2 potions of heal wounds {unknown}
 n - a potion of magic {unknown}
 o - a potion of brilliance {unknown}
 u - a potion of flight {unknown}


   Skills:
 + Level 4.0 Fighting
 * Level 5.3 Maces & Flails
 + Level 3.8 Armour
 + Level 0.9 Dodging
 + Level 4.0 Shields


You had 5 spell levels left.
You didn't know any spells.
Your spell library contained the following spells:

 Spells                   Type           Power      Damage    Failure   Level
 Gell's Gravitas          Tloc           0%         N/A       99%         3
 Lesser Beckoning         Tloc           0%         N/A       99%         3
 Teleport Other           Tloc           0%         N/A       99%         3


Dungeon Overview and Level Annotations

Branches:
Dungeon (3/15)

Altars:

Shops:
D:1 =:   D:2 (   D:6 !

Annotations:
D:3 2 transporters, BigPumpCobain's ghost, amateur DrTm


Innate Abilities, Weirdness & Mutations

You are immune to sickness and miasma.
Your stone body is resilient. (AC +4)
You are immune to poison.
You resist negative energy. (rN+)
You are resistant to electric shocks. (rElec)
You are resistant to unholy torment.
You are immune to petrification.


Message History

Reactivating autopickup.
The sky beast closely misses you.
You hit the sky beast.
You kill the sky beast!
Your Fighting skill increases to level 4!
Your Maces & Flails skill increases to level 5!
Your Shields skill increases to level 4!
You have reached level 6!
You hear the slow rusting of a drain nearby.
There is an entrance to Hafiuged's Distillery here.
f - 3 potions of curing (gained 1) Thank you for shopping at Hafiuged's Distillery!
Unknown command.
Okay, then.
Unknown command.
Found 22 stones.
Okay, then.
Unknown command.
Found a runed copper wand.
Found 12 stones.
Found a stone staircase leading up.
A jelly comes into view.
The jelly quivers.
You see here a wand of iceblast (8).
v - a wand of iceblast (8)
The jelly jiggles.
You hit the jelly.
Your hands burn!
The jelly is lightly wounded.
You feel a little less mighty now. The jelly hits you.
You are splashed with acid!
The jelly completely misses you.
You hit the jelly.
Your hands burn!
* * * LOW HITPOINT WARNING * * *
The jelly is heavily wounded.
The jelly barely misses you.
You sock the jelly!
Your hands burn!
* * * LOW HITPOINT WARNING * * *
The jelly is almost dead.
You block the jelly's attack.
You hit the jelly but do no damage.
Your hands burn!
You die...

#.#.##..###......... ..#
#.......#.........##
....#..#..............#
....#..###...........###
......###...........#..
#.....................
#.....................
...#............(.......
......J@..#.............
....<..........##...>...
..............###.......
.......(................
..#....##....#.........#
....... ##.#.#.........#
..###.. .###.....^....
.. ... .. .....≈≈†..
#.##.≈≈≈..


You could see a jelly.

Vanquished Creatures
  A sky beast (D:6)
  A bullfrog (D:6)
  A hound (D:6)
  A jelly (D:6)
  3 adders (D:2)
  2 worms (D:2)
  A dart slug (D:2)
  4 ball pythons
  8 endoplasms
  7 hobgoblins
  11 kobolds
  4 quokkas
  4 bats
  4 frilled lizards
  6 goblins
  4 rats
62 creatures vanquished.

Notes
Turn   | Place    | Note
-------+----------+-------------------------------------------
     0 | D:1      | danielguo94 the Gargoyle Fighter began the quest for the
                  | Orb.
     0 | D:1      | Reached XP level 1. HP: 14/14 MP: 1/1
   270 | D:1      | Reached XP level 2. HP: 9/19 MP: 2/2
   495 | D:1      | Found Siff's Book Shoppe.
   593 | D:1      | Found Ula Gut's Jewellery Shoppe.
  1417 | D:2      | Found a faded altar of an unknown god.
  1439 | D:2      | Found Poluaxar's Antique Weapon Shoppe.
  1482 | D:2      | Reached XP level 3. HP: 16/23 MP: 3/3
  1490 | D:2      | Reached skill level 3 in Maces & Flails
  1908 | D:2      | Reached XP level 4. HP: 29/29 MP: 4/4
  2536 | D:3      | Found a transporter.
  2540 | D:3      | Noticed BigPumpCobain's ghost (amateur DrTm)
  2561 | D:3      | Found a transporter.
  2628 | D:3      | You fall into a shaft and drop 3 floors!
  2642 | D:6      | Reached skill level 4 in Maces & Flails
  2642 | D:6      | Reached XP level 5. HP: 28/33 MP: 5/5
  2685 | D:6      | Noticed a sky beast
  2702 | D:6      | Found Hafiuged's Distillery.
  2714 | D:6      | Killed a sky beast
  2715 | D:6      | Reached skill level 5 in Maces & Flails
  2715 | D:6      | Reached XP level 6. HP: 20/38 MP: 6/6
  2722 | D:6      | Bought a potion of curing for 33 gold pieces
  2768 | D:6      | Splashed by a jelly's acid

Illustrated notes

Levels and vault maps discovered:
D:1:      dpeg_arrival_round_b, layout_basic, serial_shops, shop_fountains,
          nicolae_square_shop, minivault_25
D:2:      minmay_thinvault, layout_loops_cross,
          shapermc_ecumenical_altar_pompeii, serial_shops,
          nicolae_shop_window_shopping
D:3:      layout_basic, gammafunk_ghost_arena, minmay_diced_spiral
D:6:      old_forge, layout_cave_pools, kennysheep_vampire_church, serial_shops,
          nicolae_shop_bloodbath_and_beyond, shop, shop, nicolae_square_shop,
          cheibrodos_sewer_entry_sluice

Skill      XL: |  1  2  3  4  5 |
---------------+----------------+-----
Maces & Flails | 3 4 5 |  5.3
Fighting       | 4 |  4.0
Shields        | 4 |  4.0
Armour         | |  3.8
Dodging        | |  0.9

Action                   |  1- 3 |  4- 6 || total
-------------------------+-------+-------++-------
Melee: Flail             |   125 |   124 ||   249
  Use: Scroll            |       |     1 ||     1
       Potion            |       |     1 ||     1
Armor: Scale mail        |    57 |    76 ||   133
Dodge: Dodged            |    58 |    66 ||   124
Block: Buckler           |    23 |    32 ||    55
